 Dungeon Crawl Stone Soup version 0.31-a0-1616-gbeaec30b81 (webtiles) character file.

Game seed: 18307044467936082866

149718 LydaLydish the Warrior (level 16, -2/146 HPs)
             Began as a Demonspawn Berserker on Jan 9, 2024.
             Was the Champion of Trog.
             Slain by a naga
             ... wielding a +0 flail
              (20 damage)
             ... on level 3 of the Snake Pit on Jan 10, 2024.
             The game lasted 02:58:02 (29791 turns).

LydaLydish the Warrior (Demonspawn Berserker)      Turns: 29791, Time: 02:58:03

Health: -2/146     AC: 27    Str: 29    XL:     16   Next: 97%
Magic:  31/31      EV:  9    Int:  4    God:    Trog [******]
Gold:   848        SH:  0    Dex: 20    Spells: 15/15 levels left

rFire   + . .        p - +2 battleaxe (heavy)
rCold   . . .        (shield currently unavailable)
rNeg    + + .        P - +5 plate armour of Amusim {rF+ rCorr}
rPois   +            Q - +0 helmet "Vinaihy" {Stlth+}
rElec   .            O - +1 cloak {rPois}
rCorr   +            (no gloves)
SInv    .            (boots unavailable)
Will    +....        z
                       - Hermit's Pendant {Faith Invo=14 Evo=0 MP+5} Stlth
                     b - ring "Rublin" {rN++ Str+6 Int-3 Dex+4 Slay+3}
HPRegen 0.44/turn    v - ring of poison resistance
MPRegen 0.22/turn

%: faith
@: confused, about to teleport, ambrosia-drunk, on berserk cooldown, slowed,
constricted, very slow
A: hooves 3, yellow scales 2, icemail 1, powered by death 2, augmentation 1,
condensation shield
a: Renounce Religion, Berserk, Trog's Hand, Brothers in Arms


You were on level 3 of the Snake Pit.
You worshipped Trog.
Trog was exalted by your worship.
You visited 5 branches of the dungeon, and saw 26 of its levels.

You collected 2712 gold pieces.
You spent 1864 gold pieces at shops.

Inventory:

Hand Weapons
 j - the +6 hand axe "Kelokhir" {flame, rElec rN+ Int+4 Dex-2}
   (You found it on level 2 of the Dungeon)

   Int+4:     It affects your intelligence (+4).
   Dex-2:     It affects your dexterity (-2).
   rElec:     It insulates you from electricity.
   rN+:       It protects you from negative energy.
 p - a +2 heavy battleaxe (weapon)
Missiles
 m - 18 javelins (quivered)
Armour
 O - a +1 cloak of poison resistance (worn)
 P - the +5 plate armour of Amusim (worn) {rF+ rCorr}
   (You bought it in a shop on level 12 of the Dungeon)

   rF+:       It protects you from fire.
   rCorr:     It protects you from acid and corrosion.
 Q - the +0 helmet "Vinaihy" (worn) {Stlth+}
   (You bought it in a shop on level 12 of the Dungeon)

   Stlth+:    It makes you more stealthy.
 R - +0 acid dragon scales
 X - a +1 kite shield of fire resistance
Jewellery
 b - the ring "Rublin" (left hand) {rN++ Str+6 Int-3 Dex+4 Slay+3}
   (You found it on level 3 of the Dungeon)

   [ring of strength]

   Str+6:     It affects your strength (+6).
   Int-3:     It affects your intelligence (-3).
   Dex+4:     It affects your dexterity (+4).
   Slay+3:    It affects your accuracy & damage with ranged weapons and melee
   (+3).
   rN++:      It greatly protects you from negative energy.
 o - a +6 ring of dexterity
 s - a +5 ring of evasion
 t - a ring of positive energy
 v - a ring of poison resistance (right hand)
 z - the Hermit's Pendant (around neck) {Faith Invo=14 Evo=0 MP+5}
   (You found it on level 8 of the Dungeon)

   [amulet of faith]

   Invo=14: It sets your Invocations skill to 14.
   Evo=0: It sets your Evocations skill to 0.
   Faith:     It allows you to gain divine favour quickly.
   MP+5:      It affects your magic capacity (+5).
 E - a +6 ring of strength
 M - a ring of see invisible
 N - a ring of fire
 U - a +4 ring of protection
Talismans
 J - a maw talisman
 K - the serpent talisman of Wyekkof {rF+ Will+ rCorr Str+8}
   (You took it off Aizul on level 1 of the Snake Pit)

   [serpent talisman]

   Str+8:     It affects your strength (+8).
   rF+:       It protects you from fire.
   Will+:     It increases your willpower.
   rCorr:     It protects you from acid and corrosion.
Wands
 c - a wand of light (4)
 e - a wand of charming (13)
 f - a wand of mindburst (35)
 h - a wand of polymorph (18)
 n - a wand of flame (18)
 T - a wand of iceblast (8)
Scrolls
 a - 3 scrolls of teleportation
 d - a scroll of fog {unknown}
 g - 3 scrolls of blinking
 k - a scroll of enchant armour
 r - 4 scrolls of revelation
 x - a scroll of butterflies
 y - 2 scrolls of poison
 A - 2 scrolls of silence
 L - 5 scrolls of identify
 S - 2 scrolls of enchant weapon
 V - a scroll of acquirement
Potions
 i - 9 potions of curing
 l - 3 potions of invisibility
 q - 3 potions of enlightenment
 u - a potion of haste
 C - 2 potions of magic
 G - 2 potions of cancellation
 H - a potion of might
 I - 6 potions of ambrosia


   Skills:
 * Level 19.3 Fighting
 - Level 17.7 Axes
 - Level 12.3 Armour
 - Level 7.3 Dodging
 - Level 0.2 Stealth
 - Level 3.8 Shields


You had 15 spell levels left.
You didn't know any spells.
Your spell library contained the following spells:

 Spells                   Type           Power      Damage    Failure   Level
 Sandblast                Erth           0%         2d4       98%         1
 Cigotuvi's Dreadful Rot  Necr/Alch/Air  0%         N/A       99%         2
 Ensorcelled Hibernation  Hex/Ice        0%         N/A       99%         2
 Lesser Beckoning         Tloc           0%         N/A       99%         2
 Static Discharge         Conj/Air       0%         3-3/arc   99%         2
 Gell's Gravitas          Tloc           0%         N/A       100%        3
 Inner Flame              Hex/Fire       0%         N/A       100%        3
 Ozocubu's Armour         Ice            0%         N/A       100%        3
 Passwall                 Erth           0%         N/A       100%        3
 Stone Arrow              Conj/Erth      0%         3d7       100%        3
 Swiftness                Air            0%         N/A       100%        3
 Teleport Other           Tloc           0%         N/A       100%        3
 Tukima's Dance           Hex            0%         N/A       100%        3
 Airstrike                Air            0%         2d(0-16)  100%        4
 Brom's Barrelling Bould  Conj/Erth      0%         2d3       100%        4
 Ignite Poison            Fire/Alch      0%         N/A       100%        4
 Passage of Golubria      Tloc           0%         N/A       100%        4
 Summon Lightning Spire   Summ/Air       0%         N/A       100%        4
 Freezing Cloud           Conj/Ice/Air   0%         6-21      100%        5
 Irradiate                Conj/Alch      0%         3d11      100%        5
 Metabolic Englaciation   Hex/Ice        0%         N/A       100%        5
 Silence                  Hex/Air        0%         N/A       100%        5
 Yara's Violent Unravell  Hex/Alch       0%         3d3       100%        5
 Sculpt Simulacrum        Ice/Alch       0%         N/A       100%        6
 Ignition                 Fire           0%         3d3       100%        8
 Lehudib's Crystal Spear  Conj/Erth      0%         10d2      100%        8


Dungeon Overview and Level Annotations

Branches:
Dungeon (15/15)            Temple (1/1) D:4            Lair (5/5) D:10
  Swamp (0/4) Lair:2        Snake (3/4) Lair:2        Slime (0/5) Lair:4
    Orc (2/2) D:12            Elf (0/3) Orc:2        Vaults (0/5) D:14
 Depths (0/4) D:15

Altars:
Ashenzari
Cheibriados
Dithmenos
Fedhas
Gozag
Hepliaklqana
Kikubaaqudgha
Makhleb
Nemelex Xobeh
Okawaru
Qazlal
Ru
Sif Muna
Trog
Uskayaw
Vehumet
Wu Jian
Xom
Yredelemnul
Jiyva

Shops:
D:2 =(   D:12 [   D:14 =   Orc:2 [![(

Portals:
Trove: D:11 (give +2 fire dragon scales)

Annotations:
D:12 2 runed translucent doors
D:14 exclusion: obsidian statue
Lair:2 exclusion: oklob plant


Innate Abilities, Weirdness & Mutations

You have hooves in place of feet.
You are mostly covered in yellow scales. (AC +3)
A meltable icy envelope protects you from harm. (AC +0)
You regenerate health from kills.
Your magical and physical power is slightly enhanced at high health.
A meltable shield of frost defends you. (SH +0)


Message History

* * * LOW HITPOINT WARNING * * *
The naga constricts you.
* * * LOW HITPOINT WARNING * * *
The salamander hits you but does no damage.
As you read the scroll of teleportation, it crumbles to dust.
You feel strangely unstable. The naga warrior spits poison at you.
The splash of poison hits you but does no damage.
You are poisoned.
You resist. The naga barely misses you. The naga constricts you.
The salamander hits you but does no damage.
The naga warrior closely misses you. The naga completely misses you.
The naga constricts you.
* * * LOW HITPOINT WARNING * * *
Unknown command.
You feel better. The salamander barely misses you.
The naga warrior roars a battlecry!
The naga goes into a battle-frenzy!
The naga spits poison at you.
The splash of poison hits you but does no damage.
You resist. The naga constricts you.
The salamander hits you from afar with a +0 spear!
* * * LOW HITPOINT WARNING * * *
You are engulfed in flames.
You resist.
* * * LOW HITPOINT WARNING * * *
Unknown command.
Unknown command.
Unknown command.
Unknown command.
Unknown command.
Unknown command.
You're still recovering from your berserk rage.
Okay, then.
Okay, then.
You are confused.
You feel invigorated. The naga warrior spits poison at you.
The splash of poison hits you but does no damage.
You resist. The naga hits you with a +0 flail!!
You die...

...........)..#..#
.......)).).....#
.........$......##
...............###
#..............#
#.............##
#.#......NN....#
.........)N.##..#
#........@..##.##
#..........##..#
...........#...?
................
................
...................
##
......#.......###..
#.## .....
#......## #. #..
......##......##
#..


You could see a naga warrior (catching breath), a salamander (strong) and a naga
(strong, catching breath).

Vanquished Creatures
  Jorgrun (D:15)
  A nagaraja (Snake:1)
  Aizul (Snake:1)
  An orc warlord (Orc:2)
  The ghost of Sp3rw3r the Severer, a journeyman MiFi of Okawaru (Snake:1)
  Azrael (D:14)
  A minotaur (Lair:2)
  The ghost of Dockuov the Severer, a journeyman MiFi of Kikubaaqudgha (Lair:2)
  The ghost of Dyre the Eclecticist, a journeyman DjFE of Gozag (D:13)
  Josephine (Lair:3)
  A salamander tyrant (Snake:3)
  A great orb of eyes (D:15)
  4 hydras
  4 ogre magi (Orc:2)
  8 anacondas
  5 centaur warriors
  9 naga warriors
  4 boulder beetles
  Urug (Lair:5)
  22 two-headed ogres
  A dancing weapon (Snake:1)
  4 naga sharpshooters
  7 shock serpents
  A skyshark (Lair:2)
  Lodul (D:11)
  3 salamander mystics
  10 skeletal warriors
  16 mana vipers
  3 naga ritualists
  2 necromancers (D:14)
  2 deep elf pyromancers
  2 orc knights (D:14)
  Maurice (D:10)
  An orc sorcerer (Orc:2)
  33 ugly things
  3 cyclopes
  3 manticores
  A guardian serpent (Snake:2)
  10 salamanders
  11 naga magi
  4 meliai
  22 black mambas
  An eye of devastation (shapeshifter) (D:15)
  15 elephants
  21 cane toads
  5 komodo dragons
  An unseen horror (D:12)
  2 efreet
  A freezing wraith (D:15)
  2 queen bees
  7 trolls
  2 burning bushes (Lair:2)
  4 polar bears
  3 tyrant leeches (Lair:5)
  Prince Ribbit (D:8)
  Grinder (D:6)
  2 hornets (D:13)
  21 blink frogs
  7 dream sheep (Lair:4)
  4 slime creatures
  4 wraiths
  A fire bat (shapeshifter) (D:15)
  6 wyverns
  A hog (shapeshifter) (D:14)
  16 yaks
  A fire elemental (D:14)
  7 basilisks
  2 steam dragons
  17 vampire mosquitoes
  29 nagas
  3 acid dragons
  3 hell hounds (D:14)
  12 water moccasins
  A swamp drake (D:12)
  20 orc warriors
  A sky beast (D:8)
  5 black bears
  35 ogres
  A tengu (shapeshifter) (D:13)
  13 wolves
  8 centaurs
  A phantom (D:4)
  3 kobold brigands
  14 bullfrogs
  A gnoll sergeant (D:8)
  3 scorpions
  4 wights (D:8)
  45 killer bees
  4 howler monkeys
  4 electric eels
  A bombardier beetle (D:5)
  3 lava snakes (Lair:2)
  17 orc priests
  Crazy Yiuf (D:3)
  6 hounds
  8 jellies
  2 gnoll boudas
  Jessica (D:2)
  2 iguanas
  Ijyb (D:3)
  Natasha (D:2)
  15 orc wizards
  A boggart simulacrum (D:15)
  19 gnolls
  12 adders
  A shadow imp (D:5)
  3 white imps
  A ribbon worm (D:5)
  4 dart slugs
  A ribbon worm (shapeshifter) (D:8)
  71 orcs
  5 ball pythons (D:1)
  7 bats
  5 endoplasms
  A giant cockroach (D:1)
  16 goblins
  9 hobgoblins
  19 kobolds
  5 quokkas
  5 frilled lizards
  3 rats (D:1)
821 creatures vanquished.

Vanquished Creatures (others)
  An orc priest (Orc:2)
1 creature vanquished.

Grand Total: 822 creatures vanquished

Notes
Turn   | Place    | Note
-------+----------+-------------------------------------------
     0 | D:1      | LydaLydish the Demonspawn Berserker began the quest for the
                  | Orb.
     0 | D:1      | Reached XP level 1. HP: 18/18 MP: 1/1
   308 | D:1      | Gained mutation: You have large cloven feet. [demonic
                  | ancestry]
   308 | D:1      | Reached XP level 2. HP: 24/24 MP: 2/2
   506 | D:1      | Reached XP level 3. HP: 22/29 MP: 3/3
   510 | D:1      | Reached ** piety under Trog
   872 | D:2      | Noticed Natasha
   880 | D:2      | Killed Natasha
   881 | D:2      | Found Kogrorchy's Jewellery Shop.
   931 | D:2      | Gained mutation: You have hoof-like feet. [demonic
                  | ancestry]
   931 | D:2      | Reached XP level 4. HP: 27/35 MP: 4/4
  1520 | D:2      | Found Kireysh's Weapon Emporium.
  1590 | D:2      | Found a faded altar of an unknown god.
  1607 | D:2      | Identified the +6 hand axe "Kelokhir" {flame, rElec rN+
                  | Int+4 Dex-2}
  1677 | D:2      | Noticed Jessica
  1681 | D:2      | Killed Jessica
  1682 | D:2      | Gained mutation: You are partially covered in yellow
                  | scales. (AC +2) [demonic ancestry]
  1682 | D:2      | Reached XP level 5. HP: 36/41 MP: 5/5
  2044 | D:3      | Identified the ring "Rublin" {rN++ Str+6 Int-3 Dex+4
                  | Slay+3}
  2105 | D:3      | Found a runed translucent door.
  2106 | D:3      | Noticed Crazy Yiuf
  3681 | D:3      | Found a basalt altar of Yredelemnul.
  3790 | D:3      | Noticed Ijyb
  3799 | D:3      | Killed Ijyb
  4041 | D:3      | Killed Crazy Yiuf
  4164 | D:4      | Gained mutation: You are mostly covered in yellow scales.
                  | (AC +3) [demonic ancestry]
  4164 | D:4      | Reached XP level 6. HP: 48/48 MP: 6/6
  4339 | D:4      | Reached skill level 4 in Fighting
  4346 | D:4      | Reached skill level 5 in Axes
  4410 | D:4      | Found a stormy altar of Qazlal.
  4418 | D:4      | Found a blossoming altar of Fedhas.
  4521 | D:4      | Found a staircase to the Ecumenical Temple.
  4796 | D:4      | Reached *** piety under Trog
  4950 | D:4      | Found a sacrificial altar of Ru.
  5009 | D:4      | Gained mutation: You regenerate a little health from kills.
                  | [demonic ancestry]
  5009 | D:4      | Reached XP level 7. HP: 48/55 MP: 7/7
  5032 | D:4      | Noticed a steam dragon
  5041 | D:4      | Killed a steam dragon
  5355 | Temple   | Entered the Ecumenical Temple
  5494 | D:5      | Entered Level 5 of the Dungeon
  5641 | D:5      | Reached XP level 8. HP: 60/61 MP: 8/8
  5660 | D:5      | Reached skill level 5 in Fighting
  5660 | D:5      | Reached skill level 5 in Armour
  6667 | D:6      | Noticed a troll
  6676 | D:6      | Killed a troll
  6700 | D:6      | Noticed Grinder
  6715 | D:6      | Killed Grinder
  6716 | D:6      | Reached XP level 9. HP: 68/68 MP: 9/9
  6827 | D:6      | Found a shimmering blue altar of Sif Muna.
  6831 | D:6      | Found a sparkling altar of Nemelex Xobeh.
  6832 | D:6      | Found an opulent altar of Gozag.
  6832 | D:6      | Found a snail-covered altar of Cheibriados.
  6833 | D:6      | Found an iron altar of Okawaru.
  6849 | D:6      | Identified the +6 quarterstaff of Zyeshe {freeze, *Rage
                  | rElec Str-5 Dex+6}
  7272 | D:7      | Reached skill level 6 in Fighting
  7272 | D:7      | Reached **** piety under Trog
  8211 | D:8      | Reached skill level 7 in Fighting
  8457 | D:8      | Found a snail-covered altar of Cheibriados.
  8489 | D:8      | Found an ancient bone altar of Kikubaaqudgha.
  8522 | D:8      | Gained mutation: You regenerate health from kills. [demonic
                  | ancestry]
  8522 | D:8      | Reached XP level 10. HP: 79/79 MP: 10/10
  8530 | D:8      | Reached skill level 5 in Dodging
  8530 | D:8      | Reached skill level 1 in Shields
  8800 | D:8      | Found a faded altar of an unknown god.
  8800 | D:8      | Found the Hermit's Pendant {Faith Invo=14 Evo=0 MP+5}
  9053 | D:8      | Noticed Prince Ribbit
  9055 | D:8      | Killed Prince Ribbit
  9274 | D:8      | You fall into a shaft and drop 1 floor!
  9436 | D:9      | Reached ***** piety under Trog
  9826 | D:9      | Reached skill level 8 in Fighting
  9827 | D:9      | Reached skill level 10 in Axes
 10467 | D:10     | Entered Level 10 of the Dungeon
 10483 | D:10     | Received a gift from Trog
 10520 | D:10     | Noticed a two-headed ogre
 10529 | D:10     | Killed a two-headed ogre
 10530 | D:10     | Reached XP level 11. HP: 87/87 MP: 21/21
 10558 | D:10     | Found a staircase to the Lair.
 10602 | D:10     | Found a shadowy altar of Dithmenos.
 10707 | D:10     | Noticed Maurice
 10712 | D:10     | Killed Maurice
 10968 | Lair:1   | Entered Level 1 of the Lair of Beasts
 11079 | Lair:1   | Reached skill level 9 in Fighting
 11655 | Lair:1   | Reached skill level 10 in Fighting
 12237 | Lair:2   | Noticed an oklob plant
 12307 | Lair:2   | Reached XP level 12. HP: 95/97 MP: 22/22
 12587 | Lair:2   | Found a runed translucent gate.
 12588 | Lair:2   | Found a runed translucent gate.
 12589 | Lair:2   | Found a runed translucent gate.
 12591 | Lair:2   | Noticed a minotaur
 12593 | Lair:2   | Noticed Dockuov's ghost (journeyman MiFi)
 12655 | Lair:2   | Killed a minotaur
 12694 | Lair:2   | HP: 3/99 [poisoned by a cane toad]
 12939 | Lair:2   | Killed Dockuov's ghost
 13213 | Lair:2   | Found a staircase to the Swamp.
 13281 | Lair:2   | Reached skill level 11 in Fighting
 13288 | Lair:2   | Received a gift from Trog
 13643 | Lair:2   | Found a staircase to the Snake Pit.
 14395 | Lair:3   | Noticed Josephine
 14406 | Lair:3   | Killed Josephine
 14540 | Lair:3   | Reached skill level 12 in Fighting
 14931 | Lair:4   | Found a viscous altar of Jiyva.
 14998 | Lair:4   | Gained mutation: You have hooves in place of feet. [demonic
                  | ancestry]
 14998 | Lair:4   | Reached XP level 13. HP: 83/108 MP: 23/23
 15307 | Lair:4   | Found the +16 obsidian axe {drain, demonic, Mesm ^Drain Fly
                  | SInv}
 15339 | Lair:4   | Identified the +6 scale mail of Twilight {Int+5 Dex-4}
 15522 | Lair:4   | Found a staircase to the Slime Pits.
 15623 | Lair:4   | Received a gift from Trog
 15996 | Lair:5   | Entered Level 5 of the Lair of Beasts
 16010 | Lair:5   | Noticed Urug
 16027 | Lair:5   | Killed Urug
 16086 | Lair:5   | Reached skill level 13 in Fighting
 16463 | Lair:5   | Reached skill level 10 in Armour
 17006 | Lair:5   | Identified the +2 halberd of Corruption {antimagic, rF+
                  | Str+2 Int-3 Dex+3}
 17784 | D:11     | Noticed Lodul
 17806 | D:11     | Killed Lodul
 18546 | D:11     | Found a portal to a secret trove of treasure.
 18586 | D:11     | Gained mutation: A meltable shield of frost defends you.
                  | (SH +0) [demonic ancestry]
 18586 | D:11     | Reached XP level 14. HP: 119/119 MP: 24/24
 18910 | D:11     | Reached ****** piety under Trog
 18960 | D:11     | Reached skill level 14 in Fighting
 18987 | D:11     | Received a gift from Trog
 19486 | D:12     | Found Noledd's Armour Shoppe.
 19489 | D:12     | Bought a +1 cloak of poison resistance for 216 gold pieces
 19489 | D:12     | Bought the +5 plate armour of Amusim {rF+ rCorr} for 1081
                  | gold pieces
 19489 | D:12     | Bought the +0 helmet "Vinaihy" {Stlth+} for 228 gold pieces
 19702 | D:12     | Found a runed translucent door.
 19702 | D:12     | Found the +2 shield of Resistance {rF++ rC++ Will++}
 19717 | D:12     | Found a runed translucent door.
 19974 | D:12     | Reached skill level 15 in Axes
 20016 | D:12     | Found a staircase to the Orcish Mines.
 20219 | D:13     | Noticed Dyre's ghost (journeyman DjFE)
 20220 | D:13     | Found a transporter.
 20224 | D:13     | Found a transporter.
 21114 | D:13     | Killed Dyre's ghost
 21241 | D:14     | Noticed Azrael
 21254 | D:14     | Killed Azrael
 21285 | D:14     | Found Zoxi's Jewellery Shop.
 21530 | D:14     | Reached skill level 15 in Fighting
 21990 | D:14     | Found a gate to the Vaults.
 22437 | D:15     | Entered Level 15 of the Dungeon
 22639 | D:15     | Gained mutation: A meltable icy envelope protects you from
                  | harm. (AC +0) [demonic ancestry]
 22639 | D:15     | Reached XP level 15. HP: 96/129 MP: 25/25
 22848 | D:15     | Noticed Jorgrun
 22860 | D:15     | Killed Jorgrun
 23212 | D:15     | Received a gift from Trog
 23268 | D:15     | Reached skill level 16 in Fighting
 23788 | D:15     | Found a staircase to the Depths.
 24084 | Orc:1    | Entered Level 1 of the Orcish Mines
 24085 | Orc:1    | Upgraded the game from 0.31-a0-1612-g4aaf141004 to
                  | 0.31-a0-1616-gbeaec30b81
 24179 | Orc:2    | Entered Level 2 of the Orcish Mines
 24179 | Orc:2    | Found a staircase to the Elven Halls.
 24338 | Orc:2    | Received a gift from Trog
 24418 | Orc:2    | Found Deotogra's Armour Boutique.
 24418 | Orc:2    | Found Ehiam Mileu's Distillery.
 24419 | Orc:2    | Found Teekhes's Armour Emporium.
 24419 | Orc:2    | Found Wiunnergh's Weapon Shop.
 24455 | Orc:2    | Bought a potion of curing for 33 gold pieces
 24455 | Orc:2    | Bought a potion of curing for 33 gold pieces
 24455 | Orc:2    | Bought a potion of curing for 33 gold pieces
 25352 | D:2      | Bought a ring of poison resistance for 240 gold pieces
 25646 | Snake:1  | Entered Level 1 of the Snake Pit
 25668 | Snake:1  | Noticed a nagaraja
 25680 | Snake:1  | Killed a nagaraja
 25713 | Snake:1  | Gained mutation: Your magical and physical power is
                  | slightly enhanced at high health. [demonic ancestry]
 25713 | Snake:1  | Reached XP level 16. HP: 40/140 MP: 26/26
 26060 | Snake:1  | Reached skill level 17 in Fighting
 26062 | Snake:1  | HP: 9/211 [something (10)]
 26219 | Snake:1  | Received a gift from Trog
 26281 | Snake:1  | Identified the serpent talisman of Wyekkof {rF+ Will+ rCorr
                  | Str+8}
 26281 | Snake:1  | Noticed Aizul
 26296 | Snake:1  | Killed Aizul
 26358 | Snake:1  | Found a runed translucent door.
 26363 | Snake:1  | Found a shimmering altar of Xom.
 26363 | Snake:1  | Noticed Sp3rw3r's ghost (journeyman MiFi)
 28000 | Snake:1  | Killed Sp3rw3r's ghost
 28298 | Snake:2  | Received a gift from Trog
 28434 | Snake:2  | Identified a scroll of acquirement
 28975 | Snake:2  | Reached skill level 18 in Fighting
 29623 | Snake:3  | Reached skill level 19 in Fighting
 29737 | Snake:3  | Identified the +10 long sword of Unaop {spect, rElec rF++
                  | rC+ Int-5}
 29791 | Snake:3  | Slain by a naga

Illustrated notes

Levels and vault maps discovered:
D:1:      dpeg_cavernosity, layout_basic
D:2:      minmay_spotlight, layout_basic, basic_altar,
          hellmonk_ecumenical_altar_heavens_door, serial_shops, shop, shop,
          uniq_jessica, uniq_natasha
D:3:      layout_loops_cross, lemuel_round_altar, uniq_crazy_yiuf_cottage,
          uniq_ijyb
D:4:      layout_gridville, grunt_temple_overflow_forces_of_nature,
          nicolae_ru_the_path_less_chosen, minmay_temple_entry_trees,
          minmay_cupped
D:5:      layout_basic, st_stairs_11
D:6:      layout_cave_pools, grunt_temple_overflow_open, uniq_grinder
D:7:      layout_rooms
D:8:      layout_layer_cave, kennysheep_little_box, enter_bailey_7,
          hangedman_feature_mirror, hellmonk_guarded_unrand_hermit,
          uniq_prince_ribbit1
D:9:      layout_basic
D:10:     layout_rooms, mainiacjoe_overflow_boulevard, minmay_lair_entry_grove,
          minmay_crystal_room, uniq_maurice
D:11:     layout_grid_maze, enter_trove_6, uniq_lodul
D:12:     nicolae_cairo_tiling, layout_basic, erik_orc_1, serial_shops,
          kennysheep_mini_moat, minmay_guarded_unrand_resistance
D:13:     layout_roguey, gammafunk_ghost_hive
D:14:     layout_roguey [special_room_orc], david_vaults_1, serial_shops, shop,
          hangedman_decor_opposing, grunt_ministairs_11, minivault_16,
          uniq_azrael
D:15:     gammafunk_enter_depths_forms, layout_loops_ring, serial_glass,
          glass_columns_a, glass_columns_b, glass_columns_a, glass_columns_a,
          glass_columns_a, glass_columns_b, glass_columns_a, glass_columns_c,
          glass_columns_c, glass_columns_c, hangedman_decor_push, uniq_jorgrun
Temple:   compressed_dpeg_circular_temple
Lair:1:   beast_lair_carwin_large_1, layout_regular_city,
          chequers_serial_rivers_small_b
Lair:2:   layout_hall_layers, swamp_mist_pool, nicolae_snake_entry_warm_welcome,
          maelrawn_ghost_gauntlet_escape, special_room [special_room_bee],
          nicolae_lair_grove_arrangements, evilmike_ambush
          [evilmike_ambush_outer_basic, evilmike_ambush_inner_basic]
Lair:3:   layout_cave_shapes, kennysheep_basilisk_garden, grunt_megastairs_2,
          uniq_josephine
Lair:4:   layout_cave_pods, nicolae_slime_entry_field_trip,
          pdpol_lair_neglected_garden, dreamdust_deal_with_the_devil
Lair:5:   minmay_lair_end_frog_pond, layout_regular_city,
          nicolae_quartered_pool_little, uniq_urug
Snake:1:  nicolae_snake_hallway, layout_layer_cave, ebering_ghost_xom,
          portal_ice_cave_entry_pillars_three, nicolae_snake_gridmaze_spiral,
          uniq_aizul
Snake:2:  layout_concentric_octagons, nicolae_snake_mages_go_home
Snake:3:  layout_cave_shapes, nicolae_letterblocks [nicolae_letter_subblock,
          nicolae_letter_subblock, nicolae_letter_subblock,
          nicolae_letter_subblock, nicolae_letter_subblock,
          nicolae_letter_subblock, nicolae_letter_subblock,
          nicolae_letter_subblock, nicolae_letter_subblock,
          nicolae_letter_subblock, nicolae_letter_subblock,
          nicolae_letter_subblock, nicolae_letter_subblock,
          nicolae_letter_subblock, nicolae_letter_subblock,
          nicolae_letter_subblock, nicolae_letter_subblock,
          nicolae_letter_subblock, nicolae_letter_subblock,
          nicolae_letter_subblock, nicolae_letter_subblock,
          nicolae_letter_subblock, nicolae_letter_subblock,
          nicolae_letter_subblock, nicolae_letter_subblock], uniq_louise
Orc:1:    layout_caves, serial_shops, nicolae_shop_bloodbath_and_beyond,
          nicolae_shop_back_alley_shop, shop, shop,
          lightli_volcano_entry_magma_tube
Orc:2:    st_orc_ogre_mass, layout_caves, nicolae_orc_flooded_monolith

Skill      XL: |  1  2  3  4  5  6  7  8  9 10 11 12 13 14 15 16 |
---------------+-------------------------------------------------+-----
Dodging        | 2 3 4 5 6 7 |  7.3
Axes           | 3 4 5 7 8 10 12 13 14 16 17 | 17.7
Armour         | 2 3 4 6 7 8 9 10 11 12 | 12.3
Fighting       | 4 5 7 8 10 12 13 15 16 19 | 19.3
Shields        | 1 2 3 |  3.8
Stealth        | |  0.2

Action                     |  1- 3 |  4- 6 |  7- 9 | 10-12 | 13-15 | 16-18 || total
---------------------------+-------+-------+-------+-------+-------+-------++-------
  Melee: Hand axe          |    86 |   126 |   197 |   675 |    73 |       ||  1157
         Kick              |    10 |    24 |    50 |    60 |   273 |    81 ||   498
         Punch             |     1 |       |       |     9 |     1 |       ||    11
         Battleaxe         |       |       |       |       |   669 |   230 ||   899
  Throw: Javelin           |       |       |     4 |     4 |     2 |       ||    10
 Invoke: Berserk           |       |     1 |     1 |     4 |    14 |     6 ||    26
         Trog's Hand       |       |       |       |     1 |       |       ||     1
  Evoke: Wand              |       |       |       |     4 |     5 |     1 ||    10
    Use: Potion            |       |     1 |     4 |     3 |     5 |     4 ||    17
         Scroll            |       |     9 |     3 |    11 |    10 |     4 ||    37
   Stab: Sleeping          |     1 |       |       |       |       |       ||     1
 Armour: Animal skin       |    54 |    37 |       |       |       |       ||    91
         Scale mail        |       |    38 |   150 |   310 |   178 |       ||   676
         Plate armour      |       |       |       |       |   555 |   368 ||   923
  Dodge: Dodged            |    52 |    73 |   128 |   502 |   814 |   159 ||  1728
  Block: Other             |       |       |    14 |     5 |   106 |    39 ||   164
         Reflection        |       |       |       |     1 |       |       ||     1

Table legend: (Time is in decaauts)
 A = Elapsed time spent in this place.
 B = Non-inter-level travel time spent in this place.
 C = Inter-level travel time spent in this place.
 D = Time resting spent in this place.
 E = Time spent auto-exploring this place.
 F = Levels seen in this place.
 G = Mean time per level.
                   A        B        C        D        E       F      G
               +--------+--------+--------+--------+--------+-----+--------+
         Total |  30143 |  28439 |   1704 |   5722 |  15672 |  26 | 1159.3 |
       Dungeon |  18175 |  16942 |   1233 |   3774 |   9377 |  15 | 1211.7 |
        Temple |     57 |     57 |      0 |      0 |      0 |   1 |   57.0 |
          Lair |   6641 |   6248 |    393 |   1207 |   3179 |   5 | 1328.2 |
     Snake Pit |   4251 |   4184 |     67 |    737 |   2556 |   3 | 1417.0 |
  Orcish Mines |   1017 |   1008 |      9 |      3 |    559 |   2 |  508.5 |
               +--------+--------+--------+--------+--------+-----+--------+

Top non-repeatable levels by time:
 Snake:1: 2524 daAuts
     D:3: 2122 daAuts
  Lair:2: 2026 daAuts
    D:11: 1748 daAuts
    D:15: 1614 daAuts
  Lair:5: 1606 daAuts
     D:8: 1490 daAuts
     D:4: 1454 daAuts
 Snake:2: 1404 daAuts
    D:14: 1322 daAuts
     D:2: 1234 daAuts
  Lair:1: 1224 daAuts
     D:5: 1169 daAuts
    D:13: 1086 daAuts
  Lair:4: 1059 daAuts
